 Dungeon Crawl Stone Soup version 0.24.0-123-gd5b16e6ec5 (webtiles) character file.

Game seed: 4942665365505567505, levelgen mode: deterministic

33122 Amplified the Warrior (level 13, -3/155 (156) HPs)
             Began as an Ogre Berserker on Feb 10, 2020.
             Was a High Priest of Trog.
             Slain by an orc knight
             ... wielding a +0 great mace
              (27 damage)
             ... on level 2 of the Orcish Mines.
             The game lasted 00:18:54 (14181 turns).

Amplified the Warrior (Ogre Berserker)             Turns: 14181, Time: 00:18:55

HP:   -3/155 (156)  AC: 10    Str: 27    XL:     13   Next: 69%
MP:   0/4           EV: 14    Int:  8    God:    Trog [*****.]
Gold: 431           SH:  0    Dex:  7    Spells: 12/12 levels left

rFire    . . .     SeeInvis .   b - +2 demon whip (antimagic)
rCold    . . .     Gourm    +   (no shield)
rNeg     + . .     Faith    .   K - +0 steam dragon scales
rPois    +         Spirit   +   e - +2 hat
rElec    .         Reflect  .   m - scarf {Spirit}
rCorr    .         Harm     .   (gloves unavailable)
MR       +....                  (boots unavailable)
Stlth    +.........             r - amulet of the gourmand
HPRegen  0.35/turn              i - ring of poison resistance
MPRegen  0.09/turn              o - ring of positive energy

@: berserk cooldown, slowed, very slow
A: large, unfitting armour, slimy green scales 1, clumsy 1, tough skin 1
a: Berserk, Trog's Hand, Brothers in Arms, Renounce Religion


You were on level 2 of the Orcish Mines.
You worshipped Trog.
Trog was extremely pleased with you.
You were very hungry.

You visited 3 branches of the dungeon, and saw 16 of its levels.
You also visited: Sewer.

You collected 1591 gold pieces.
You spent 1160 gold pieces at shops.

Inventory:

Hand Weapons
 b - a +2 antimagic demon whip (weapon)
 w - a +0 giant club
 y - a +1 whip of electrocution
 Q - a +1 antimagic great mace
Missiles
 n - 34 poisoned darts
 p - 12 curare-tipped darts (quivered)
Armour
 e - a +2 hat (worn)
 m - a scarf of spirit shield (worn)
 G - a +0 troll leather armour {Purgy}
 K - +0 steam dragon scales (worn)
 M - a +0 robe of resistance
Jewellery
 d - an uncursed ring of flight
 i - a ring of poison resistance (left hand)
 o - a ring of positive energy (right hand)
 r - an amulet of the gourmand (around neck)
 s - an uncursed ring of protection from fire
 J - an uncursed ring of resist corrosion
 L - an uncursed ring of fire
Wands
 D - a wand of flame (38)
 E - a wand of enslavement (18)
 N - a wand of digging (5)
Scrolls
 g - 4 scrolls of immolation
 h - 7 scrolls of teleportation
 j - a scroll of fear
 x - 2 scrolls of noise
 z - a scroll of blinking
 C - a scroll of remove curse
Potions
 a - 4 potions of haste
 f - 9 potions of curing
 k - 3 potions of resistance
 l - 6 potions of mutation
 q - 5 potions of flight
 A - a potion of magic
 B - 4 potions of heal wounds
 F - a potion of cancellation
 H - 2 potions of degeneration {unknown}
 I - 2 potions of ambrosia {unknown}
Comestibles
 c - 16 rations


   Skills:
 * Level 17.3 Fighting
 * Level 12.9 Maces & Flails
 * Level 11.8 Dodging


You had 12 spell levels left.
You didn't know any spells.
Your spell library contained the following spells:

 Spells                   Type           Power        Failure   Level  Hunger
 Corona                   Hex            #......      41%         1    ##.....
 Magic Dart               Conj           #...         41%         1    ##.....
 Blink                    Tloc           N/A          54%         2    ###....
 Call Imp                 Summ           #.......     54%         2    ###....
 Ensorcelled Hibernation  Hex/Ice        #.....       54%         2    ###....
 Slow                     Hex            #.......     54%         2    ###....
 Confuse                  Hex            #.......     78%         3    ####...
 Conjure Flame            Conj/Fire      #.......     78%         3    ####...
 Dazzling Spray           Conj/Hex       #.....       78%         3    ####...
 Mephitic Cloud           Conj/Pois/Air  #.......     78%         3    ####...
 Tukima's Dance           Hex            #.......     78%         3    ####...
 Bolt of Magma            Conj/Fire/Erth #.........   100%        5    ######.
 Iskenderun's Battlesphe  Conj/Chrm      #.......     100%        5    ######.
 Venom Bolt               Conj/Pois      #.........   100%        5    ######.
 Iron Shot                Conj/Erth      #.........   100%        6    #######
 Orb of Destruction       Conj           #.........   100%        7    #######
 Spellforged Servitor     Conj/Summ      #.........   100%        7    #######


Dungeon Overview and Level Annotations

Branches:
Dungeon (12/15)            Temple (0/1) D:6            Lair (2/6) D:9
    Orc (2/2) D:11            Elf (0/3) Orc:2         Sewer (visited)
  Swamp: Lair:2-4    Shoals: Lair:2-4     Snake: Lair:2-4    Spider: Lair:2-4

Altars:
Ashenzari
Cheibriados
Dithmenos
Fedhas
Gozag
Makhleb
Nemelex Xobeh
Okawaru
Qazlal
Trog
Uskayaw
Vehumet
Xom
Yredelemnul
The Shining One

Shops:
Orc:2 !!

Annotations:
D:10 2 transporters, Xerdoz's ghost, journeyman OpTm


Innate Abilities, Weirdness & Mutations

You are too large for most types of armour.
You have tough skin. (AC +1)
You are partially covered in slimy green scales. (AC +2)
You are clumsy. (Dex -2)


Message History

The orc knight closely misses you.
Unknown command.
Throwing (i - inventory. (/) - cycle)
p - 13 curare-tipped darts (quivered)
Press: ? - help, Shift-Dir - straight line, f/p - orc knight
Aim: an orc knight, wielding a +0 great mace and wearing a +0 chain mail (lightly wounded, slow, poisoned)
You throw a curare-tipped dart.
The curare-tipped dart closely misses the orc knight.
Unknown command.
You barely miss the orc knight.
The orc knight is lightly wounded.
The orc knight hits you with a +0 great mace!!
* * * LOW HITPOINT WARNING * * *
You hear a shout!
You closely miss the orc knight.
The orc knight is lightly wounded.
You hear a shout! x2
You whack the orc knight!
The orc knight is moderately wounded.
The orc knight hits you with a +0 great mace!!
You die...

# # # ##* # ##.## # ## ##...##
.## *#....^## ..### ##.#...#.##
....## *#(...o@)..## .....#
*#...#.#.#...## ....##
*#..o##...##...## ....#
**...##..#..##...## #####
...####,..##..###.,##...## #.#.##
..####.#.##..#*∩*#.,##.#.###....#
..###...##..#*,,,*#,,##)..###...#
#..###.#.##.,*∩,∩*,,##.#.###...).
....###...##,,*,*,,##...###....).


You could see an orc knight.

Vanquished Creatures
  An orc warlord (Orc:1)
  Josephine (D:11)
  Harold (D:8)
  2 hydras
  Fannar (D:11)
  A centaur warrior (D:11)
  3 death yaks (D:9)
  A two-headed ogre (D:11)
  A death knight (D:12)
  6 orc high priests (Orc:2)
  Urug (D:11)
  A sun demon (Orc:2)
  A soul eater (Orc:2)
  An unseen horror (D:11)
  2 orc knights (Orc:2)
  3 orc sorcerers (Orc:2)
  An ugly thing (D:12)
  A cyclops (D:12)
  A rust devil (Orc:2)
  A black mamba (Lair:1)
  Psyche (D:9)
  A centaur skeleton (D:12)
  A gargoyle (D:12)
  A kobold demonologist (D:11)
  A spiny frog (Lair:1)
  A red devil (Orc:2)
  2 komodo dragons (Lair:1)
  A hellwing (Orc:2)
  A hornet (D:11)
  4 trolls
  A meliai zombie (D:11)
  4 wraiths
  A wyvern (D:9)
  6 yaks (Lair:1)
  3 hungry ghosts
  2 steam dragons
  A neqoxec (Orc:2)
  A warg (Orc:1)
  Menkaure (D:7)
  An acid dragon (D:12)
  Duvessa (D:7)
  3 porcupines
  23 orc warriors
  Purgy (Sewer)
  2 ice beasts (D:9)
  3 sky beasts
  3 necrophages
  10 ogres
  2 phantoms
  9 centaurs
  2 big kobolds
  An elf zombie (D:10)
  An elf skeleton (D:10)
  4 bullfrogs
  2 gnoll sergeants
  Dowan (D:7)
  2 wyvern skeletons
  A scorpion (D:10)
  12 killer bees
  2 electric eels (Lair:1)
  3 howler monkeys (D:7)
  3 crimson imps
  2 centaur zombies
  A bullfrog zombie (D:5)
  5 hounds
  5 jellies
  2 bullfrog skeletons
  6 human zombies (D:10)
  18 orc priests
  10 orc wizards
  An iguana (D:10)
  12 worker ants
  2 hound skeletons (D:4)
  A mummy (D:10)
  2 worker ant zombies
  A howler monkey skeleton (D:7)
  12 adders
  15 gnolls
  4 shadow imps
  6 oozes
  3 adder zombies
  3 adder skeletons
  2 worms
  5 dart slugs
  6 leopard geckos
  57 orcs
  10 bats
  6 giant cockroaches
  5 goblins
  5 hobgoblins
  8 jackals
  6 quokkas
  2 ball pythons
  4 frilled lizards
  2 jackal skeletons
  18 kobolds
  A leopard gecko skeleton (D:5)
  An orc zombie (D:10)
  A quokka skeleton (D:6)
  A quokka zombie (D:9)
  7 rats
415 creatures vanquished.

Vanquished Creatures (collateral kills)
  2 orc warriors
  An orc (Orc:1)
3 creatures vanquished.

Grand Total: 418 creatures vanquished

Notes
Turn   | Place    | Note
-------+----------+-------------------------------------------
     0 | D:1      | Amplified the Ogre Berserker began the quest for the Orb.
     0 | D:1      | Reached XP level 1. HP: 24/24 MP: 1/1
    99 | D:1      | Reached XP level 2. HP: 8/32 MP: 2/2
   758 | D:1      | Reached skill level 9 in Fighting
   758 | D:1      | Reached XP level 3. HP: 52/52 MP: 0/3
   759 | D:1      | Reached skill level 11 in Fighting
   759 | D:1      | Reached skill level 5 in Dodging
   759 | D:1      | Reached XP level 4. HP: 65/65 MP: 0/4
   981 | D:2      | Reached ** piety under Trog
  1037 | D:2      | Reached XP level 5. HP: 72/72 MP: 5/5
  1158 | D:2      | Found a faded altar of an unknown god.
  1285 | D:2      | Found a sparkling altar of Nemelex Xobeh.
  1769 | D:3      | Reached XP level 6. HP: 80/80 MP: 6/6
  2342 | D:4      | Found a burning altar of Makhleb.
  2342 | D:4      | Noticed a cacodemon
  2579 | D:4      | Reached XP level 7. HP: 88/88 MP: 5/7
  2597 | D:4      | Reached *** piety under Trog
  2827 | D:4      | Found a hide-covered altar of Uskayaw.
  3020 | D:5      | Entered Level 5 of the Dungeon
  3225 | D:5      | Reached XP level 8. HP: 96/98 MP: 4/8
  3281 | D:5      | Reached skill level 12 in Fighting
  4167 | D:6      | Found a snail-covered altar of Cheibriados.
  4168 | D:6      | Found a radiant altar of Vehumet.
  4169 | D:6      | Found a shimmering altar of Xom.
  4169 | D:6      | Found a glowing golden altar of the Shining One.
  4412 | D:6      | Found a staircase to the Ecumenical Temple.
  4527 | D:6      | Found a glowing drain.
  4537 | Sewer    | Entered a sewer
  4557 | Sewer    | Noticed Purgy
  4566 | Sewer    | Killed Purgy
  5274 | D:7      | Reached XP level 9. HP: 106/106 MP: 7/9
  5311 | D:7      | Found a bloodstained altar of Trog.
  5338 | D:7      | Reached **** piety under Trog
  5452 | D:7      | Found an iron altar of Okawaru.
  5627 | D:7      | Noticed Dowan
  5627 | D:7      | Noticed Duvessa
  5636 | D:7      | Killed Duvessa
  5637 | D:7      | Killed Dowan
  5689 | D:7      | Noticed Menkaure
  5703 | D:7      | Killed Menkaure
  6044 | D:8      | Found an opulent altar of Gozag.
  6318 | D:8      | Noticed Harold
  6337 | D:8      | Killed Harold
  6337 | D:8      | Reached skill level 13 in Fighting
  6337 | D:8      | Reached XP level 10. HP: 119/119 MP: 8/10
  6416 | D:8      | Found a stormy altar of Qazlal.
  6422 | D:8      | Found a shadowy altar of Dithmenos.
  6624 | D:9      | Noticed a death yak
  6645 | D:9      | Killed a death yak
  6646 | D:9      | Found a staircase to the Lair.
  6648 | D:9      | Noticed a death yak
  6648 | D:9      | Noticed a death yak
  6668 | D:9      | Killed a death yak
  6668 | D:9      | Reached skill level 10 in Maces & Flails
  6687 | D:9      | Killed a death yak
  7255 | D:9      | Found a shattered altar of Ashenzari.
  7414 | D:9      | Noticed Psyche
  7421 | D:9      | Killed Psyche
  7421 | D:9      | Reached XP level 11. HP: 128/128 MP: 11/11
  7480 | D:9      | Reached skill level 14 in Fighting
  7499 | D:9      | Found a blossoming altar of Fedhas.
  7915 | D:10     | Entered Level 10 of the Dungeon
  7971 | D:10     | Found a transporter.
  7971 | D:10     | Noticed Xerdoz's ghost (journeyman OpTm)
  7974 | D:10     | Found a transporter.
  8113 | D:10     | Reached ***** piety under Trog
  8659 | D:10     | Found a basalt altar of Yredelemnul.
  8818 | D:11     | Noticed Urug
  8832 | D:11     | Killed Urug
  8869 | D:11     | Noticed Fannar
  8869 | D:11     | Noticed a two-headed ogre
  8878 | D:11     | Killed a two-headed ogre
  8904 | D:11     | Killed Fannar
  8989 | D:11     | Found a staircase to the Orcish Mines.
  9115 | D:11     | Killed an unseen horror
  9115 | D:11     | Reached skill level 15 in Fighting
  9148 | D:11     | Noticed an eight-headed hydra
  9160 | D:11     | Killed an eight-headed hydra
  9160 | D:11     | Reached XP level 12. HP: 108/140 MP: 6/12
  9205 | D:11     | Noticed Josephine
  9217 | D:11     | Killed Josephine
  9228 | D:11     | Reached skill level 10 in Dodging
  9296 | D:11     | Received a gift from Trog
  9694 | D:11     | Noticed a centaur warrior
  9699 | D:11     | Killed a centaur warrior
 10575 | D:12     | Noticed a death knight
 10583 | D:12     | Killed a death knight
 10806 | Lair:1   | Entered Level 1 of the Lair of Beasts
 10832 | Lair:1   | Reached skill level 16 in Fighting
 11478 | Lair:1   | Noticed a six-headed hydra
 11486 | Lair:1   | Killed a six-headed hydra
 12264 | Lair:2   | Noticed a four-headed hydra
 12369 | Orc:1    | Entered Level 1 of the Orcish Mines
 12418 | Orc:1    | Noticed an orc warlord
 12435 | Orc:1    | Killed an orc warlord
 12435 | Orc:1    | Reached XP level 13. HP: 96/153 MP: 4/13
 12611 | Orc:1    | Received a gift from Trog
 12761 | Orc:2    | Entered Level 2 of the Orcish Mines
 12938 | Orc:2    | Found Ybree's Distillery.
 12974 | Orc:2    | Found Zyopp's Distillery.
 13041 | Orc:2    | Gained mutation: Armour fits poorly on your strangely
                  | shaped body. [a neqoxec]
 13045 | Orc:2    | Lost mutation: Armour fits poorly on your strangely shaped
                  | body. [potion of mutation]
 13045 | Orc:2    | Gained mutation: You are clumsy. (Dex -2) [potion of
                  | mutation]
 13045 | Orc:2    | Gained mutation: You are partially covered in slimy green
                  | scales. (AC +2) [potion of mutation]
 13403 | Orc:2    | Bought a potion of haste for 100 gold pieces
 13403 | Orc:2    | Bought 2 potions of haste for 200 gold pieces
 13403 | Orc:2    | Bought a potion of curing for 30 gold pieces
 13403 | Orc:2    | Bought 2 potions of heal wounds for 100 gold pieces
 13403 | Orc:2    | Bought a potion of cancellation for 80 gold pieces
 13403 | Orc:2    | Bought a potion of invisibility for 80 gold pieces
 13405 | Orc:2    | Bought a potion of agility for 60 gold pieces
 13405 | Orc:2    | Bought a potion of heal wounds for 75 gold pieces
 13405 | Orc:2    | Bought a potion of curing for 45 gold pieces
 13405 | Orc:2    | Bought a potion of curing for 45 gold pieces
 13405 | Orc:2    | Bought a potion of heal wounds for 75 gold pieces
 13405 | Orc:2    | Bought a potion of haste for 150 gold pieces
 13405 | Orc:2    | Bought a potion of mutation for 120 gold pieces
 13577 | Orc:2    | Found a staircase to the Elven Halls.
 13870 | Orc:2    | Reached skill level 17 in Fighting
 14181 | Orc:2    | Slain by an orc knight

Levels and vault maps discovered:
D:1:      wander_arrival_peaceful_grave, layout_basic
D:2:      layout_loops_ring, nicolae_overflow_crystal_walls,
          chequers_ecumenical_altar_simple_redux
D:3:      layout_loops_ring, first_ration, grunt_ministairs_8
D:4:      layout_rooms, lemuel_coloured_pillars_altar,
          makhleb_altar_promises_db, minmay_misc_feat_five
D:5:      cheibrodos_quashed, layout_loops_corners
D:6:      layout_basic, chequers_temple_overflow_statue_of_worship,
          minmay_temple_entry_ruins, gup_sewer_entry_pipe
D:7:      cheibrodos_barr_body, layout_rooms, lemuel_round_altar,
          overflow_temple_1_default, serial_park_tiny_1, uniq_duvessa,
          uniq_menkaure
D:8:      layout_loops_ring, minitemple, basic_altar, uniq_harold
D:9:      layout_basic, lemuel_round_altar, dpeg_lair_monsters,
          hangedman_little_slice_of_home, fedhas_altar_1, uniq_psyche
D:10:     layout_roguey, gammafunk_ghost_arena,
          lemuel_mausoleum_altar_yredelemnul
D:11:     layout_roguey, orc_0_dummy, nicolae_zen_rock_garden,
          hangedman_glass_teeth, uniq_fannar, uniq_josephine, uniq_urug
D:12:     layout_gridville
Lair:1:   layout_gridlike, fungi_pond_lemuel, nicolae_lair_grove_arrangements,
          wad_woods_river_03, guppyfry_lair_drakes
Lair:2:   statuecave_lemuel, layout_cave_pods, spider_nest_entry_web_field,
          minmay_lair_oklob_chamber
Orc:1:    layout_diamond_mine, basic_altar
Orc:2:    pf_orc_diabolical, layout_diamond_mine, minmay_orc_barracks

Skill      XL: |  1  2  3  4  5  6  7  8  9 10 11 12 13 |
---------------+----------------------------------------+-----
Maces & Flails | 6 8 9 10 11 12 | 12.9
Dodging        | 3 5 6 7 8 9 11 | 11.8
Fighting       | 9 11 12 13 15 16 17 | 17.3

Action                   |  1- 3 |  4- 6 |  7- 9 | 10-12 | 13-15 || total
-------------------------+-------+-------+-------+-------+-------++-------
Melee: Mace              |    48 |   152 |    30 |       |       ||   230
       Giant club        |       |       |    24 |       |       ||    24
       Whip              |       |       |   293 |   541 |       ||   834
       Unarmed           |       |       |       |     5 |       ||     5
       Demon whip        |       |       |       |   213 |   291 ||   504
Throw: Dart              |       |     1 |     4 |       |     2 ||     7
       Throwing net      |       |       |       |     1 |       ||     1
Invok: Berserk           |     1 |     4 |     9 |    17 |     3 ||    34
       Trog's Hand       |       |       |       |     3 |     4 ||     7
       Brothers in Arms  |       |       |       |     1 |       ||     1
Evoke: Wand              |       |       |     3 |    12 |    11 ||    26
  Use: Scroll            |     2 |    10 |     6 |     6 |     2 ||    26
       Potion            |     2 |     1 |     2 |     5 |     6 ||    16
 Stab: Sleeping          |       |     1 |       |       |       ||     1
       Invisible         |       |       |       |       |     1 ||     1
  Eat: Chunk             |     1 |     4 |    26 |    42 |     7 ||    80
       Ration            |       |     2 |       |     1 |       ||     3
Armor: Animal skin       |    14 |    41 |    47 |       |       ||   102
       Troll leather arm |       |       |    19 |       |       ||    19
       Steam dragon scal |       |       |    20 |   171 |    37 ||   228
       Skin              |       |       |       |     1 |       ||     1
       Robe              |       |       |       |     1 |       ||     1
Dodge: Dodged            |    24 |    93 |   182 |   305 |   119 ||   723
